Map: Polka LE

Players

Vired - Winner!

  • Race: Terran Terran
  • Spawn Location: 11:00

SLYOR - Winner!

  • Race: Protoss Protoss
  • League: Platinum
  • Spawn Location: 11:00

qqq

  • Race: Protoss Protoss
  • League: Platinum
  • Spawn Location: 5:00

Massa

  • Race: Terran Terran
  • League: Platinum
  • Spawn Location: 5:00

VOD

Have the link to the VOD?

Description

Time

  • Played on: Nov. 25, 2020, 2:58 p.m.
  • Length: 4:22
Show
View Real Time Build Order
Export as new Build Order

Vired Terran - Winner!

Build Orders:  

Get SALT Encoding   

  12  0:02  SCV  
  14  0:14  SCV  
  14  0:20  Supply Depot  
  14  0:26  SCV  
  15  0:44  SCV  
  15  0:49  Barracks  
  16  0:57  Barracks  
  16  1:04  Refinery  
  16  1:18  SCV  
  17  1:34  SCV  
  18  1:50  Supply Depot  
  18  1:51  Refinery  
  18  1:53  Barracks  
  18  1:56  Reaper  
  19  2:08  Orbital Command  
  19  2:20  Reaper  
  20  2:35  Reaper  
  21  2:42  SCV  
  21  2:44  Reaper  
  22  3:08  Reaper x2  
Show
View Real Time Build Order
Export as new Build Order

SLYOR Protoss - Winner!

Build Orders: Cannon Rush 

Get SALT Encoding   

  12  0:01  Probe (Chrono Boost)  
  13  0:10  Probe (Chrono Boost)  
  14  0:15  Probe (Chrono Boost)  
  15  0:23  Pylon  
  15  0:29  Assimilator  
  15  0:42  Forge  
  15  0:46  Probe  
  16  0:52  Pylon  
  16  1:01  Pylon  
  16  1:04  Probe  
  17  1:16  Probe  
  18  1:21  Photon Cannon  
  18  1:38  Pylon  
  18  1:48  Photon Cannon  
  18  1:58  Photon Cannon  
  18  2:08  Photon Cannon  
  17  2:22  Photon Cannon  
  17  2:54  Photon Cannon  
  12  3:15  Pylon  
  11  3:20  Gateway  
  11  3:28  Assimilator  
  11  3:29  Probe (Chrono Boost)  
  12  3:35  Photon Cannon  
  12  3:42  Probe (Chrono Boost)  
  13  3:53  Probe  
  14  4:11  Cybernetics Core  
Show
View Real Time Build Order
Export as new Build Order

qqq Protoss 

Build Orders:  

Get SALT Encoding   

  12  0:00  Probe  
  13  0:19  Pylon  
  13  0:26  Probe  
  14  0:38  Probe  
  14  0:40  Forge  
  15  0:50  Probe  
  16  1:08  Pylon  
  16  1:27  Photon Cannon  
  15  1:42  Probe  
  15  1:45  Pylon  
  16  2:00  Nexus  
  16  2:04  Photon Cannon  
  16  2:13  Gateway  
  16  2:14  Pylon  
  16  2:21  Probe  
  17  2:24  Assimilator  
  17  2:35  Photon Cannon  
  17  2:47  Pylon  
  17  2:53  Probe  
  18  3:03  Cybernetics Core  
  18  3:05  Probe  
  18  3:17  Probe  
  17  3:29  Probe  
  8  3:43  Stalker (Chrono Boost)  
Show
View Real Time Build Order
Export as new Build Order

Massa Terran 

Build Orders: 2 Factory 

Get SALT Encoding   

  12  0:00  SCV  
  13  0:12  SCV  
  14  0:18  Supply Depot  
  14  0:24  SCV  
  15  0:40  SCV  
  15  0:41  Barracks  
  16  0:48  Refinery  
  16  0:52  SCV  
  18  1:04  SCV  
  18  1:16  SCV  
  19  1:31  Orbital Command  
  19  1:35  Refinery, Reaper  
  20  2:08  Reaper  
  20  2:23  SCV  
  20  2:28  Factory  
  19  2:47  Barracks  
  19  2:48  Factory  
  19  2:53  Supply Depot  
  19  2:57  Supply Depot  
  19  3:18  Reaper  
  20  3:21  SCV  
  21  3:35  Command Center  
  21  3:36  Reaper  
  21  3:39  Hellion  
  26  3:41  Hellion  
Tags
 
Add a new tag
Caveats
  • Supply blocks, unpowered buildings, or Contaminate may cause inaccurate times.
  • Supply counts are checked every 10 seconds.